cohdb
Replays
Latest Replays
All Replays
Popular Replays
Top Player Replays
Match Explorer
How It Works
Community
CoH3 Stats
Reddit
Sign in to upload your games and track your stats! →
Sign in with Steam
Match 43144493
Unlisted
Match 43144493
Overview
Messages
Build Orders
End
Construct Barracks
Scout Squad
Riflemen Squad
Selects Airborne Battlegroup
Selects Smoke Bombing Run
Selects Pathfinders
1⁄4-ton 4x4 Truck
Riflemen Squad
Smoke Bombing Run
Selects Paratrooper Squad Paradrop
Construct Medical Station
Air Support Center
M1 Mortar Team
Engineer Squad
Construct Motor Pool
Paratrooper Squad Paradrop
P-47 Strafing Run
Grasshopper Recon Run
.30 cal Machine Gun
M24 Chaffee Light Tank
Smoke Bombing Run
P-47 Strafing Run
M1 Anti-tank Gun Team
Grasshopper Recon Run
Construct Tank Depot
M1 Anti-tank Gun Team
Selects Supply Drop
Selects Carpet Bombing Run
Paratrooper Squad Paradrop
Carpet Bombing Run
M18 Hellcat Tank Destroyer
M18 Hellcat Tank Destroyer
Grasshopper Recon Run
P-47 Dive Bomb
M4(105) Sherman Bulldozer
Grasshopper Recon Run
M18 Hellcat Tank Destroyer
Paratrooper Squad Paradrop
P-47 Strafing Run
Grasshopper Recon Run
Grasshopper Recon Run
M18 Hellcat Tank Destroyer
Carpet Bombing Run
.30 cal Machine Gun
Grasshopper Recon Run
Joruno Jobana47
1003604386
毛熊政委
kantera
Joraad
Pungi
onedual | ツ
bardone
0
0
Comments
sign in to comment!
No comments posted yet!